 Dungeon Crawl Stone Soup version 0.28-a0-850-g09de17f5b5 (webtiles) character file.

Game seed: 12945756674101786316

126 Krehm the Digger (level 5, 28/28 HPs)
             Began as a Gargoyle Earth Elementalist on Nov 14, 2021.
             Quit the game on level 4 of the Dungeon on Feb 1, 2022.
             The game lasted 00:21:40 (3621 turns).

Krehm the Digger (Gargoyle Earth Elementalist)      Turns: 3621, Time: 00:21:41

Health: 28/28      AC:  8    Str: 12    XL:     5   Next: 9%
Magic:  8/8        EV: 11    Int: 16    God:
Gold:   200        SH:  0    Dex: 10    Spells: 4/8 levels left

rFire   . . .      SeeInvis .   f - +0 dagger
rCold   . . .      Faith    .   (no shield)
rNeg    + . .      Spirit   .   c - +0 leather armour
rPois   ∞          Reflect  .   i - +1 hat
rElec   +          Harm     .   (no cloak)
rCorr   .          Rampage  .   (no gloves)
Will    .....                   (no boots)
Stlth   ++........              (no amulet)
HPRegen 0.09/turn               (no ring)
MPRegen 0.11/turn               (no ring)

@: no status effects
A: sickness immunity, AC +4, negative energy resistance 1, electricity
resistance, torment resistance 1, petrification resistance
a: no special abilities


You were on level 4 of the Dungeon.
You visited 1 branch of the dungeon, and saw 4 of its levels.

You collected 200 gold pieces.

Inventory:

Hand Weapons
 f - a +0 dagger (weapon)
Missiles
 j - 7 boomerangs (quivered)
 l - 12 poisoned darts
Armour
 c - a +0 leather armour (worn)
 i - a +1 hat (worn)
 r - a +2 kite shield
Scrolls
 a - a scroll of holy word {unknown}
 b - a scroll of amnesia {unknown}
 g - 2 scrolls of teleportation
 m - a scroll of vulnerability {unknown}
 o - a scroll of fear {unknown}
 t - a scroll of identify {unknown}
Potions
 d - 2 potions of haste {unknown}
 e - a potion of heal wounds {unknown}
 h - a potion of invisibility {unknown}
 k - 3 potions of might {unknown}
 n - a potion of degeneration {unknown}
 p - a potion of magic {unknown}
 q - a potion of curing {unknown}
 s - a potion of brilliance {unknown}


   Skills:
 - Level 1.5 Dodging
 - Level 2.1 Stealth
 + Level 2.1 Spellcasting
 + Level 3.7 Conjurations
 - Level 0.7 Transmutations
 - Level 5.1 Earth Magic


You had 4 spell levels left.
You knew the following spells:

 Your Spells              Type           Power      Damage    Failure   Level
a - Sandblast             Erth           36%        2d10      3%          1
b - Stone Arrow           Conj/Erth      30%        3d8       13%         3

Your spell library contained the following spells:

 Spells                   Type           Power      Damage    Failure   Level
 Passwall                 Tmut/Erth      9%         N/A       12%         2
 Petrify                  Tmut/Erth      11%        N/A       61%         4


Dungeon Overview and Level Annotations

Branches:
Dungeon (4/15)
 Temple: D:4-7

Altars:
Dithmenos

Annotations:
D:4 exclusion: ogre, Sigmund


Innate Abilities, Weirdness & Mutations

You are immune to sickness and miasma.
Your stone body is resilient. (AC +4)
You are immune to poison.
You resist negative energy. (rN+)
You are resistant to electric shocks. (rElec)
You are resistant to unholy torment.
You are immune to petrification.


Message History

The howler monkey skeleton hits you.
You hit the howler monkey skeleton.
The howler monkey skeleton is moderately damaged.
The howler monkey skeleton hits you.
You hit the howler monkey skeleton but do no damage.
The howler monkey skeleton is moderately damaged.
The howler monkey skeleton closely misses you.
You hit the howler monkey skeleton.
The howler monkey skeleton is moderately damaged.
The howler monkey skeleton hits you but does no damage.
You hit the howler monkey skeleton.
The howler monkey skeleton is heavily damaged.
The howler monkey skeleton hits you but does no damage.
You completely miss the howler monkey skeleton.
The howler monkey skeleton is heavily damaged.
The howler monkey skeleton closely misses you.
You completely miss the howler monkey skeleton.
The howler monkey skeleton is heavily damaged.
The howler monkey skeleton hits you but does no damage.
You hit the howler monkey skeleton.
The howler monkey skeleton is severely damaged.
The howler monkey skeleton barely misses you.
You hit the howler monkey skeleton.
The howler monkey skeleton is almost destroyed.
The howler monkey skeleton hits you.
You hit the howler monkey skeleton.
You destroy the howler monkey skeleton!
You start resting.
HP restored.
Found a golden potion.
Found a leather armour.
d - 2 golden potions (gained 1)
Found a stone staircase leading up.
Unknown command.
Okay, then.
Saving game... please wait.
Level annotation: exclusion: ogre, Sigmund Welcome back, Krehm the Gargoyle Earth Elementalist.
Press ? for a list of commands and other information.
Are you sure you want to abandon this character and quit the game? (Confirm with "yes".)

# . # # # #
#####################
.#.#....................
.......@.........#######
<..#.###########.#######
#####...........#
#...#......####..
#...#......## #.. #.
#...#.......# #.. #.#
#...#.....#.# #.# #.#
#...#.....#.# #.# #.#
#...#.....#.# #..


There were no monsters in sight!

Vanquished Creatures
  A howler monkey skeleton (D:4)
  3 gnolls (D:2)
  2 adders
  A worm (D:2)
  A dart slug (D:3)
  4 orcs (D:3)
  5 endoplasms
  A giant cockroach (D:3)
  3 goblins
  4 hobgoblins
  8 jackals
  2 quokkas (D:1)
  6 ball pythons
  6 bats
  4 frilled lizards
  5 kobolds
  4 rats
60 creatures vanquished.

Notes
Turn   | Place    | Note
-------+----------+-------------------------------------------
     0 | D:1      | Krehm the Gargoyle Earth Elementalist began the quest for
                  | the Orb.
     0 | D:1      | Reached XP level 1. HP: 10/10 MP: 3/3
   157 | D:1      | Reached skill level 4 in Earth Magic
   551 | D:1      | Reached XP level 2. HP: 15/15 MP: 1/5
  1311 | D:2      | Reached XP level 3. HP: 19/19 MP: 6/6
  1321 | D:2      | Learned a level 3 spell: Stone Arrow
  1343 | D:2      | Reached skill level 5 in Earth Magic
  1350 | D:2      | Reached skill level 1 in Conjurations
  1481 | D:2      | Reached XP level 4. HP: 23/24 MP: 7/7
  2568 | D:3      | Found a faded altar of an unknown god.
  3082 | D:4      | Found a shadowy altar of Dithmenos.
  3417 | D:4      | Noticed Sigmund
  3445 | D:4      | Reached XP level 5. HP: 27/28 MP: 8/8
  3449 | D:4      | Noticed an ogre
  3621 | D:4      | Quit the game

Illustrated notes

Levels and vault maps discovered:
D:1:      sevenhm_arrival_forest_fort_small_1, layout_basic
D:2:      layout_loops_cross, chequers_serial_rivers_small_b
D:3:      layout_loops_ring, dreamdust_ecumenical_altar_angels_and_demons
D:4:      layout_basic, mainiacjoe_overflow_brackets, serial_park_tiny_2,
          grunt_decor_cap, minmay_door_square, uniq_sigmund

Skill      XL: |  1  2  3  4 |
---------------+-------------+-----
Earth Magic    | 4 5 |  5.1
Conjurations   | 2 3 |  3.7
Dodging        | |  1.5
Stealth        | |  2.1
Spellcasting   | |  2.1
Transmutations | |  0.7

Action                   |  1- 3 |  4- 6 || total
-------------------------+-------+-------++-------
Melee: Unarmed           |     6 |       ||     6
       Dagger            |    68 |   137 ||   205
Throw: Boomerang         |    28 |    11 ||    39
       Dart              |       |    25 ||    25
 Cast: Sandblast         |    24 |     7 ||    31
  Use: Scroll            |       |     1 ||     1
 Stab: Sleeping          |     3 |     7 ||    10
Armor: Robe              |    34 |    49 ||    83
       Leather armour    |       |     3 ||     3
Dodge: Dodged            |    61 |    94 ||   155

Table legend: (Time is in decaauts)
 A = Elapsed time spent in this place.
 B = Non-inter-level travel time spent in this place.
 C = Inter-level travel time spent in this place.
 D = Time resting spent in this place.
 E = Time spent auto-exploring this place.
 F = Levels seen in this place.
 G = Mean time per level.
                   A        B        C        D        E       F      G
               +--------+--------+--------+--------+--------+-----+--------+
         Total |   3639 |   3519 |    120 |    892 |   1247 |   4 |  909.8 |
       Dungeon |   3639 |   3519 |    120 |    892 |   1247 |   4 |  909.8 |
               +--------+--------+--------+--------+--------+-----+--------+

Top non-repeatable levels by time:
     D:1: 1353 daAuts
     D:2: 934 daAuts
     D:3: 785 daAuts
     D:4: 565 daAuts
